 Dungeon Crawl Stone Soup version 0.21.1-1-g345015fe64 (webtiles) character file.

63 Peloso the Covered (level 3, -2/49 HPs)
             Began as a Minotaur Fighter on July 25, 2018.
             Slain by a goblin
             ... wielding a +0 dagger
             ... led by Robin
              (4 damage)
             ... on level 2 of the Dungeon.
             The game lasted 00:08:19 (966 turns).

Peloso the Covered (Minotaur Fighter)                Turns: 966, Time: 00:08:19

Health: -2/49      AC: 21    Str: 20    XL:     3   Next: 87%
Magic:  2/2        EV:  2    Int:  5    God:
Gold:   140        SH: 10    Dex: 15    Spells: 2/2 levels left

rFire    + . .     SeeInvis .   a - +0 long sword
rCold    . . .     Gourm    .   c - +0 shield
rNeg     + + +     Faith    .   (armour currently unavailable)
rPois    +         Spirit   .   (helmet currently unavailable)
rElec    .         Reflect  .   (cloak currently unavailable)
rCorr    .         Harm     .   (gloves currently unavailable)
MR       .....     NoTele   +   (boots currently unavailable)
Stlth    ++........             (no amulet)
HPRegen  0.16/turn              g - ring of positive energy
MPRegen  0.08/turn              j - ring of protection from fire

@: agile, lethally poisoned (-2 -> -14), tree-form
A: (retaliatory headbutt)
a: no special abilities


You were on level 2 of the Dungeon.
You were not hungry.
You were a tree.
You visited 1 branch of the dungeon, and saw 2 of its levels.

You collected 140 gold pieces.

Inventory:

Hand Weapons
 a - a +0 long sword (weapon)
Armour
 b - a +0 scale mail (melded)
 c - a +0 shield (worn)
Jewellery
 g - a ring of positive energy (left branch)
 j - a ring of protection from fire (right branch)
Scrolls
 h - 3 scrolls of identify {unknown}
 i - 3 scrolls of remove curse {unknown}
 l - a scroll of enchant armour {unknown}
 m - 2 scrolls of amnesia {unknown}
 n - a scroll of blinking {unknown}
Potions
 d - a potion of might
 k - a potion of agility
Comestibles
 f - 3 rations


   Skills:
 + Level 4.1 Fighting
 + Level 3.2 Long Blades
 + Level 4.3 Armour
 + Level 1.0 Dodging
 + Level 4.2 Shields


You had 2 spell levels left.
You didn't know any spells.

Dungeon Overview and Level Annotations

Branches:
Dungeon (2/15)

Altars:
Sif Muna
The Shining One

Annotations:
D:2 Robin


Innate Abilities, Weirdness & Mutations

((You reflexively headbutt those who attack you in melee.))
((You have a pair of horns on your head.))


Message History

You feel sick. The goblin hits you but does no damage.
It was a potion of flight.
Your roots keep you in place.
* * * LOW HITPOINT WARNING * * *
You feel sick. You block the goblin's attack.
Robin roars a battlecry!
The goblins go into a battle-frenzy!
Unknown command.
You closely miss the goblin.
* * * LOW HITPOINT WARNING * * *
You feel sick.
The goblin hits you with an uncursed dagger.
* * * LOW HITPOINT WARNING * * *
You block the goblin's attack.
Unknown command.
You hit the goblin.
The goblin is severely wounded.
* * * LOW HITPOINT WARNING * * *
You feel sick.
The goblin hits you with an uncursed dagger.
You die...

######### #.....>.# ###
#.......# ##.#######
#......)############.#....(..
####.(....ggggg♣)......#.#######
...........###########.#.###
##.......# #(#.##.. #.......#
#.#.##)# ####gg### #...##.# #(g#
######.# #g.# #.# ## ...g..)g)#
#.###. _...g....# #.....


You could see Robin, 3 hobgoblins and a goblin.

Vanquished Creatures
  An adder (D:2)
  A worm (D:2)
  2 dart slugs
  A leopard gecko (D:1)
  6 bats
  A giant cockroach (D:1)
  9 goblins
  4 hobgoblins
  7 jackals (D:1)
  A quokka (D:2)
  A ball python (D:2)
  A frilled lizard (D:2)
  3 kobolds (D:1)
  4 rats
42 creatures vanquished.

Notes
Turn   | Place    | Note
-------+----------+-------------------------------------------
     0 | D:1      | Peloso the Minotaur Fighter began the quest for the Orb.
     0 | D:1      | Reached XP level 1. HP: 19/19 MP: 0/0
   148 | D:1      | Reached XP level 2. HP: 20/27 MP: 1/1
   443 | D:1      | Reached XP level 3. HP: 33/33 MP: 2/2
   815 | D:2      | Found a faded altar of an unknown god.
   936 | D:2      | Found a deep blue altar of Sif Muna.
   937 | D:2      | Found a glowing golden altar of the Shining One.
   937 | D:2      | Noticed Robin
   940 | D:2      | Reached skill level 1 in Dodging
   966 | D:2      | HP: 2/49 [poisoned by a goblin]
   966 | D:2      | Slain by a goblin

Skill      XL: |  1  2  3 |
---------------+----------+-----
Armour         | 4 |  4.3
Shields        | 4 |  4.2
Fighting       | 4 |  4.1
Long Blades    | 3 |  3.2
Dodging        | 1 |  1.0

Action                   || total
-------------------------++-------
Melee: Long sword        ||    78
       Headbutt          ||    11
  Use: Potion            ||     3
Armor: Scale mail        ||    61
       Skin              ||     2
Dodge: Dodged            ||    46
Block: Shield            ||    61
       Rpst.: Long sword ||    11
